 Dungeon Crawl Stone Soup version 0.30-a0-219-gf2db51d15e (webtiles) character file.

Game seed: 1314291822765379999

105 Morbidden the Trooper (level 4, -8/49 HPs)
             Began as an Ogre Fighter on Oct 6, 2022.
             Mangled by an iguana (13 damage)
             ... on level 4 of the Dungeon.
             The game lasted 00:02:32 (2464 turns).

Morbidden the Trooper (Ogre Fighter)                Turns: 2464, Time: 00:02:32

Health: -8/49      AC:  3    Str: 20    XL:     4   Next: 81%
Magic:  5/5        EV:  8    Int: 11    God:
Gold:   130        SH:  7    Dex:  8    Spells: 4/4 levels left

rFire   . . .      SeeInvis .    a - +0 flail
rCold   + . .      Faith    .    c - +0 kite shield
rNeg    . . .      Spirit   .    b - +0 robe
rPois   .          Reflect  .    (helmet restricted)
rElec   .          Harm     .    g - scarf {repulsion}
rCorr   .          Rampage  .    (gloves unavailable)
Will    .....                    (boots unavailable)
Stlth   +.........               (no amulet)
HPRegen 0.28/turn                s - ring of protection from cold
MPRegen 0.09/turn                (no ring)

@: repel missiles
A: large, unfitting armour, tough skin 1
a: no special abilities


You were on level 4 of the Dungeon.
You visited 1 branch of the dungeon, and saw 4 of its levels.

You collected 130 gold pieces.

Inventory:

Hand Weapons
 a - a +0 flail (weapon)
Armour
 b - a +0 robe (worn)
 c - a +0 kite shield (worn)
 g - a scarf of repulsion (worn)
Jewellery
 s - a ring of protection from cold (left hand)
Wands
 t - a wand of quicksilver (13)
Scrolls
 h - a scroll of immolation {unknown}
 j - a scroll of blinking {unknown}
 k - 3 scrolls of teleportation {unknown}
 m - 2 scrolls of identify {unknown}
 n - a scroll of enchant weapon {unknown}
 q - 2 scrolls of enchant armour {unknown}
 u - a scroll of fear {unknown}
 v - a scroll of amnesia {unknown}
Potions
 d - 2 potions of might
 e - a potion of cancellation {unknown}
 f - a potion of degeneration {unknown}
 i - a potion of invisibility {unknown}
 l - a potion of resistance
 o - 2 potions of haste {unknown}
 p - a potion of lignification {unknown}
 r - a potion of brilliance {unknown}


   Skills:
 * Level 4.9 Fighting
 * Level 3.1 Maces & Flails
 * Level 0.5 Armour
 * Level 3.1 Dodging
 + Level 3.2 Shields
 * Level 0.9 Spellcasting


You had 4 spell levels left.
You didn't know any spells.
Your spell library contained the following spells:

 Spells                   Type           Power      Damage    Failure   Level
 Summon Forest            Summ/Tloc      0%         N/A       100%        5
 Summon Mana Viper        Hex/Summ       0%         N/A       100%        5
 Summon Cactus Giant      Summ           0%         N/A       100%        6


Dungeon Overview and Level Annotations

Branches:
Dungeon (4/15)
 Temple: D:4-7

Altars:
Ru

Annotations:
D:3 1 runed translucent door, Crazy Yiuf


Innate Abilities, Weirdness & Mutations

You are too large for most types of armour.
You have tough skin. (AC +1)


Message History

The hobgoblin closely misses you.
You barely miss the kobold.
The goblin shouts!
The hobgoblin closely misses you.
The iguana hisses menacingly.
The kobold barely misses you. The hobgoblin barely misses you.
You block the kobold's attack.
You sock the kobold!
You kill the kobold!
The hobgoblin hits you.
You hit the hobgoblin but do no damage. The hobgoblin hits you. x2
The iguana bites you.
You hit the iguana but do no damage. The hobgoblin barely misses you.
The iguana bites you!
You hit the iguana but do no damage. The goblin barely misses you.
The hobgoblin hits you. The iguana bites you!
You are too injured to fight recklessly!
You are too injured to fight recklessly!
You are too injured to fight recklessly!
You are too injured to fight recklessly!
You are too injured to fight recklessly!
You are too injured to fight recklessly!
You are too injured to fight recklessly!
You are too injured to fight recklessly!
You are too injured to fight recklessly!
You are too injured to fight recklessly!
You are too injured to fight recklessly!
You are too injured to fight recklessly!
There are monsters nearby!
There are monsters nearby!
Unknown command.
Unknown command.
The iguana attacks as you move away! The iguana bites you!
* * * LOW HITPOINT WARNING * * *
The hobgoblin attacks as you move away! The hobgoblin barely misses you.
The goblin attacks as you move away! The goblin hits you with a +0 club.
* * * LOW HITPOINT WARNING * * *
The goblin attacks as you move away! The goblin hits you but does no damage.
The iguana attacks as you move away! The iguana bites you!
You die...

###
#.....##....####
#.....# .......####
#.....###.........#
#.......#.........#
###..#..##.......#
#..#..##.).....#
#..#..# #.g...#
#..#..# ##lg.##
#..#.#####@.#.....
#..#........# ....
#..########...#...
##$# .. .# ? . ..
##


You could see an iguana, a hobgoblin and a goblin.

Vanquished Creatures
  3 adders
  2 dart slugs
  An orc (D:4)
  8 ball pythons
  4 bats
  8 endoplasms
  A giant cockroach (D:1)
  5 goblins
  6 hobgoblins
  4 jackals (D:2)
  2 quokkas
  A frilled lizard (D:1)
  14 kobolds
  5 rats
64 creatures vanquished.

Notes
Turn   | Place    | Note
-------+----------+-------------------------------------------
     0 | D:1      | Morbidden the Ogre Fighter began the quest for the Orb.
     0 | D:1      | Reached XP level 1. HP: 24/24 MP: 1/1
   165 | D:1      | Reached XP level 2. HP: 30/33 MP: 2/2
   540 | D:1      | Reached XP level 3. HP: 26/40 MP: 3/3
   710 | D:2      | Found a faded altar of an unknown god.
  1487 | D:2      | Reached XP level 4. HP: 43/49 MP: 4/4
  1928 | D:3      | Found a sacrificial altar of Ru.
  2110 | D:3      | Found a runed translucent door.
  2111 | D:3      | Noticed Crazy Yiuf
  2464 | D:4      | Mangled by an iguana

Illustrated notes

Levels and vault maps discovered:
D:1:      mrwooster_arrival_statue_2, layout_basic
D:2:      layout_loops_corners, ebering_ecumenical_altar_mist
D:3:      kennysheep_big_flooded_room, layout_rooms,
          mainiacjoe_overflow_surrounded_room, uniq_crazy_yiuf_cottage
D:4:      kennysheep_spiral_hall, layout_basic

Skill      XL: |  1  2  3  4 |
---------------+-------------+-----
Maces & Flails | 2 3 |  3.1
Dodging        | 3 |  3.1
Fighting       | |  4.9
Armour         | |  0.5
Shields        | |  3.2
Spellcasting   | |  0.9

Action                   |  1- 3 |  4- 6 || total
-------------------------+-------+-------++-------
Melee: Flail             |   128 |    54 ||   182
Armor: Robe              |    47 |    19 ||    66
Dodge: Dodged            |    54 |    27 ||    81
Block: Kite shield       |    62 |    22 ||    84

Table legend: (Time is in decaauts)
 A = Elapsed time spent in this place.
 B = Non-inter-level travel time spent in this place.
 C = Inter-level travel time spent in this place.
 D = Time resting spent in this place.
 E = Time spent auto-exploring this place.
 F = Levels seen in this place.
 G = Mean time per level.
                   A        B        C        D        E       F      G
               +--------+--------+--------+--------+--------+-----+--------+
         Total |   2538 |   2462 |     76 |    100 |   1881 |   4 |  634.5 |
       Dungeon |   2538 |   2462 |     76 |    100 |   1881 |   4 |  634.5 |
               +--------+--------+--------+--------+--------+-----+--------+

Top non-repeatable levels by time:
     D:2: 1029 daAuts
     D:1: 736 daAuts
     D:3: 587 daAuts
     D:4: 184 daAuts
